 Dungeon Sprint DCSS version 0.27.1-33-g824d729ab1 (webtiles) character file.

Game seed: 13043761115581202513

2310 Adenis the Imperceptible (level 9, -5/103 HPs)
             Began as a Vampire Brigand on Dec 6, 2021.
             Was a Believer of Trog.
             Slain by a demonic crawler (6 damage)
             ... in the Dungeon (Sprint I: "Red Sonja").
             The game lasted 00:02:10 (391 turns).

Adenis the Imperceptible (Vampire Brigand)           Turns: 391, Time: 00:02:11

Health: -5/103     AC:  3    Str: 10    XL:     9   Next: 18%
Magic:  9/9        EV: 13    Int: 14    God:    Trog [**....]
Gold:   621        SH:  0    Dex: 18    Spells: 8/8 levels left

rFire    . . .     SeeInvis +   a - +2 dagger
rCold    . . .     Faith    .   (no shield)
rNeg     . . .     Spirit   .   b - +0 robe
rPois    .         Reflect  .   (no helmet)
rElec    .         Harm     .   c - +0 cloak
rCorr    .         Rampage  .   (no gloves)
Will     .....     NoTele   +   (no boots)
Stlth    ..........             (no amulet)
HPRegen  0.47/turn              (no ring)
MPRegen  0.11/turn              (no ring)

@: berserking, healing quickly, very quick
A: alive, fangs 3, see invisible, vampiric 2
a: Exsanguinate, Renounce Religion, Berserk, Trog's Hand


You were in the Dungeon.
You worshipped Trog.
Trog was pleased with you.
You visited 1 branch You collected 621 gold pieces.

Inventory:

Hand Weapons
 a - a +2 dagger (weapon)
Missiles
 d - 18 poisoned darts (quivered)
 e - 6 curare-tipped darts
Armour
 b - a +0 robe (worn)
 c - a +0 cloak (worn)
Scrolls
 j - a scroll of torment {unknown}
 k - a scroll of blinking
Potions
 f - a potion of curing
 g - a potion of heal wounds
 h - a potion of haste
 i - 2 potions of magic


   Skills:
 + Level 5.9 Fighting
 + Level 9.0 Short Blades
 + Level 5.1 Throwing
 + Level 2.8 Dodging
 + Level 23.6 Stealth


You had 8 spell levels left.
You didn't know any spells.
Your spell library was empty.

Dungeon Overview and Level Annotations

Branches:
Dungeon (1/1)

Altars:
Cheibriados
Dithmenos
Elyvilon
Fedhas
Gozag
Hepliaklqana
Kikubaaqudgha
Makhleb
Nemelex Xobeh
Okawaru
Qazlal
Ru
Sif Muna
Trog
Uskayaw
Vehumet
Wu Jian
Xom
Yredelemnul
Zin
The Shining One
Jiyva
Lugonu

Shops:
D ::[


Innate Abilities, Weirdness & Mutations

Your natural rate of healing is accelerated.
You have razor-sharp teeth.
You have supernaturally acute eyesight. (SInv)
You are afflicted with vampirism and can become a bat while bloodless.


Message History

You recover from your berserk rage.
You start resting.
HP restored.
You open the door. 4 demonic crawlers come into view.
The demonic crawler gives a hideous shriek! x4
The demonic crawler hits you. x2
The demonic crawler hits you but does no damage.
The demonic crawler hits you! The demonic crawler hits you. x2
The demonic crawler closely misses you.
The demonic crawler completely misses you.
The demonic crawler misses you. The demonic crawler hits you!
The demonic crawler hits you but does no damage.
The demonic crawler completely misses you.
The demonic crawler hits you but does no damage.
The demonic crawler misses you. The demonic crawler barely misses you.
Things that are here:
a +0 dagger; a +0 robe The demonic crawler hits you but does no damage.
The demonic crawler misses you. The demonic crawler hits you!
There is an open door, spattered with blood here.
A red film seems to cover your vision as you go berserk!
You feel yourself moving faster!
You feel mighty! The demonic crawler hits you!
* * * LOW HITPOINT WARNING * * *
The demonic crawler hits you but does no damage.
The demonic crawler hits you!
* * * LOW HITPOINT WARNING * * *
The demonic crawler hits you.
* * * LOW HITPOINT WARNING * * *
The demonic crawler closely misses you. The demonic crawler hits you.
* * * LOW HITPOINT WARNING * * *
The demonic crawler hits you!
* * * LOW HITPOINT WARNING * * *
The demonic crawler hits you.
* * * LOW HITPOINT WARNING * * *
The demonic crawler hits you but does no damage.
You puncture the demonic crawler! You bite the demonic crawler!
The demonic crawler is heavily wounded.
The demonic crawler hits you.
You die...

#####################
))..#.)'..#__#..@ss.#
.#..'..#..'..'..#s..##+#
###'#####'#__####s..'..#
##..#...#.#### #####..+
_####..##(# +##
____##'#_.+ .∩..†'..._#
..__##_.#'# ____###'#.#
###


You could see 4 demonic crawlers.

Vanquished Creatures
  Sonja (D)
  A deep troll (D)
  2 kobold demonologists (D)
  A slime creature (D)
  Sigmund (D)
  A yak (D)
  A floating eye (D)
  An ogre (D)
  A jelly (D)
  Ijyb (D)
11 creatures vanquished.

Notes
Turn   | Place    | Note
-------+----------+-------------------------------------------
     0 | D        | Adenis the Vampire Brigand began the quest for the Orb.
     0 | D        | Reached XP level 1. HP: 16/16 MP: 1/1
     2 | D        | Noticed Ijyb
     5 | D        | Killed Ijyb
     6 | D        | Reached skill level 9 in Stealth
     6 | D        | Reached XP level 2. HP: 23/23 MP: 2/2
     8 | D        | Noticed an ogre
    13 | D        | Killed an ogre
    14 | D        | Reached skill level 12 in Stealth
    14 | D        | Gained mutation: You are afflicted with vampirism and can
                  | become a bat while bloodless. [Vampire growth]
    14 | D        | Reached XP level 3. HP: 28/28 MP: 3/3
    14 | D        | Reached XP level 4. HP: 34/34 MP: 4/4
    66 | D        | Noticed Sigmund
    69 | D        | Killed Sigmund
    70 | D        | Reached skill level 5 in Short Blades
    70 | D        | Reached skill level 15 in Stealth
    70 | D        | Reached XP level 5. HP: 42/42 MP: 5/5
    70 | D        | Reached XP level 6. HP: 48/48 MP: 6/6
    82 | D        | Found an ornate altar of the Wu Jian Council.
    82 | D        | Found a shimmering blue altar of Sif Muna.
    84 | D        | Found a radiant altar of Vehumet.
    89 | D        | Reached skill level 16 in Stealth
    91 | D        | Found Unizekk's Book Emporium.
    91 | D        | Found an ancient bone altar of Kikubaaqudgha.
    91 | D        | Found a hazy altar of Hepliaklqana.
    91 | D        | Found a stormy altar of Qazlal.
    91 | D        | Found a hide-covered altar of Uskayaw.
    91 | D        | Found a blossoming altar of Fedhas.
    91 | D        | Found a bloodstained altar of Trog.
    91 | D        | Found an iron altar of Okawaru.
    91 | D        | Found a basalt altar of Yredelemnul.
    91 | D        | Found a snail-covered altar of Cheibriados.
    91 | D        | Found a sacrificial altar of Ru.
    91 | D        | Found a shadowy altar of Dithmenos.
    91 | D        | Noticed a yak
    92 | D        | Found an opulent altar of Gozag.
    93 | D        | Killed a yak
    94 | D        | Reached skill level 17 in Stealth
    94 | D        | Found a sparkling altar of Nemelex Xobeh.
    99 | D        | Became a worshipper of Trog the Wrathful
   130 | D        | Noticed Sonja
   134 | D        | Killed Sonja
   135 | D        | Reached skill level 20 in Stealth
   135 | D        | Reached XP level 7. HP: 55/55 MP: 7/7
   135 | D        | Reached XP level 8. HP: 61/61 MP: 8/8
   149 | D        | Noticed a deep troll
   153 | D        | Killed a deep troll
   153 | D        | Reached * piety under Trog
   154 | D        | Reached skill level 5 in Fighting
   154 | D        | Reached skill level 22 in Stealth
   163 | D        | Found Voghusab's Armour Emporium.
   181 | D        | Found Hufaof's Book Boutique.
   218 | D        | Found a burning altar of Makhleb.
   218 | D        | Found a viscous altar of Jiyva.
   218 | D        | Found a shimmering altar of Xom.
   218 | D        | Found a corrupted altar of Lugonu.
   218 | D        | Noticed a slime creature
   228 | D        | Killed a slime creature
   282 | D        | Noticed a kobold demonologist
   283 | D        | Noticed a kobold demonologist
   285 | D        | Noticed a red devil
   285 | D        | Paralysed by a floating eye for 3 turns
   286 | D        | Noticed an ice devil
   289 | D        | Noticed an orange demon
   295 | D        | Killed a kobold demonologist
   295 | D        | Reached ** piety under Trog
   296 | D        | Reached skill level 5 in Throwing
   296 | D        | Reached skill level 23 in Stealth
   296 | D        | Reached XP level 9. HP: 69/69 MP: 9/9
   308 | D        | Killed a kobold demonologist
   384 | D        | Noticed a demonic crawler
   384 | D        | Noticed a demonic crawler
   384 | D        | Noticed a demonic crawler
   384 | D        | Noticed a demonic crawler
   390 | D        | HP: 1/103 [demonic crawler (6)]
   391 | D        | Slain by a demonic crawler

Illustrated notes

Levels and vault maps discovered:
D:        dungeon_sprint_1 [red_sonja_temple_1, red_sonja_temple_small_1]

Skill      XL: |  1  2  3  4  5  6  7  8  9 |
---------------+----------------------------+-----
Fighting       | 2 3 4 5 |  5.9
Throwing       | 2 3 4 5 |  5.1
Stealth        | 9 12 15 20 23 | 23.6
Short Blades   | 4 5 7 8 9 |  9.0
Dodging        | 2 |  2.8

Action                   |  1- 3 |  4- 6 |  7- 9 || total
-------------------------+-------+-------+-------++-------
Melee: Dagger            |     5 |     4 |    31 ||    40
       Bite              |       |       |     7 ||     7
Invok: Berserk           |       |       |     3 ||     3
  Use: Potion            |     1 |       |       ||     1
 Stab: Sleeping          |     1 |     4 |     1 ||     6
Armor: Robe              |       |       |     8 ||     8
Dodge: Dodged            |     2 |       |    24 ||    26
